 Dungeon Crawl Stone Soup version 0.21.1-1-g345015f (webtiles) character file.

279 inc the Magician (level 6, -2/36 HPs)
             Began as an Octopode Venom Mage on June 17, 2018.
             Killed from afar by sking99's ghost (22 damage)
             ... with a stone arrow
             ... on level 3 of the Dungeon.
             The game lasted 00:05:42 (3552 turns).

inc the Magician (Octopode Venom Mage)              Turns: 3552, Time: 00:05:43

Health: -2/36      AC:  1    Str:  8    XL:     6   Next: 26%
Magic:  5/13       EV: 13    Int: 19    God:
Gold:   174        SH:  0    Dex: 12    Spells: 9/15 levels left

rFire    . . .     SeeInvis .   (no weapon)
rCold    . . .     Gourm    .   (no shield)
rNeg     . . .     Faith    .   (helmet restricted)
rPois    .         Spirit   .   (no amulet)
rElec    .         Reflect  .   (no ring)
rCorr    .         Harm     .   (no ring)
MR       .....                  (no ring)
Stlth    +++.......             (no ring)
HPRegen  0.12/turn              (no ring)
MPRegen  0.13/turn              (no ring)
                                (no ring)
                                (no ring)

@: no status effects
A: almost no armour, stealthy swim, amphibious, 8 rings, constrict 8, camouflage
1, gelatinous body 1
a: no special abilities


You were on level 3 of the Dungeon.
You were hungry.

You visited 1 branch of the dungeon, and saw 4 of its levels.

You collected 174 gold pieces.

Inventory:

Jewellery
 l - an uncursed ring of wizardry {unknown}
 q - an uncursed ring of wizardry {unknown}
Scrolls
 d - 3 scrolls of identify {unknown}
 h - 2 scrolls of teleportation {unknown}
 i - 4 scrolls of amnesia {unknown}
 j - 2 scrolls of enchant weapon {unknown}
 k - 2 scrolls of remove curse {unknown}
 p - a scroll of magic mapping {unknown}
 r - 2 scrolls of enchant armour {unknown}
Potions
 c - 4 potions of curing
 e - 2 potions of flight {unknown}
 f - 3 potions of ambrosia {unknown}
 g - a potion of heal wounds {unknown}
 m - a potion of invisibility {unknown}
 n - a potion of agility {unknown}
 o - 2 potions of might {unknown}
 s - a potion of brilliance {unknown}
 t - a potion of lignification {unknown}
 u - a potion of haste {unknown}
Books
 a - a Young Poisoner's Handbook

   Spells                             Type                      Level
   a - Sting                          Conjuration/Poison           1
   b - Poisonous Vapours              Poison/Air                   2
   c - Mephitic Cloud                 Conjuration/Poison/Air       3
   d - Olgreb's Toxic Radiance        Poison                       4
   e - Venom Bolt                     Conjuration/Poison           5
Comestibles
 b - 10 rations


   Skills:
 - Level 2.0 Dodging
 - Level 2.6 Stealth
 + Level 5.2 Spellcasting
 - Level 1.0 Conjurations
 - Level 5.1 Poison Magic


You had 9 spell levels left.
You knew the following spells:

 Your Spells              Type           Power        Failure   Level  Hunger
a - Sting                 Conj/Pois      ###.         3%          1    None
b - Poisonous Vapours     Pois/Air       ##....       6%          2    #......
c - Mephitic Cloud        Conj/Pois/Air  ##......     16%         3    ##.....


Dungeon Overview and Level Annotations

Branches:
Dungeon (4/15)
 Temple: D:4-7

Altars:
Uskayaw

Annotations:
D:3 sking99's ghost, amateur GrEE
D:4 Dowan, Pikel


Innate Abilities, Weirdness & Mutations

You cannot wear most types of armour.
You are very stealthy in the water. (Stealth+)
You are amphibious.
You can wear up to eight rings at the same time.
You can use your tentacles to constrict eight enemies at once.
Your skin changes colour to match your surroundings (Stealth+).
Your rubbery body absorbs attacks. (AC +1, EV +1)


Message History

The orc barely misses you.
Things that are here:
a dagger; a robe; an orc corpse Sking99's ghost whispers, "There is no future for you."
Sking99's ghost shrieks, "I was like you once."
The orc closely misses you.
Sking99's ghost whispers, "Everlasting silence awaits you..."
Casting: Poisonous Vapours
Confirm with . or Enter, or press ? or * to list all spells.
Aiming: Poisonous Vapours
Press: ? - help, Dir - move target cursor, f - orc
Aim: an orc (heavily wounded) Poisonous vapours surround the orc!
The orc is engulfed in poison gas.
The orc is poisoned.
You kill the orc!
Sking99's ghost says very slowly, "There's no hope."
Sking99's ghost points at you and mumbles some strange words.
The stone arrow hits you!
Ouch! That really hurt!
You die...

.................................
.................................
..............#####..............
..............##...........##....
.................................
..............##....####...##....
..............##....# ##..#.....
..............##....#####..#.....
######.#....W...@.........).<###.
#.####.####....######.### #.
#......# #....#..)..># #.
######W# ######.###### ## #.# #.#
#.# #.# #.# #.# #.# #.# #.# #.#


You could see sking99's ghost.

Vanquished Creatures
  An orc wizard (D:3)
  Jessica (D:3)
  Terence (D:2)
  Natasha (thrice) (D:2)
  5 adders
  An ooze (D:3)
  3 worms (D:3)
  2 dart slugs (D:2)
  A leopard gecko (D:3)
  6 orcs (D:3)
  4 giant cockroaches
  4 goblins (D:3)
  10 hobgoblins
  4 bats
  3 frilled lizards (D:2)
  8 kobolds
  7 rats
64 creatures vanquished.

Notes
Turn   | Place    | Note
-------+----------+-------------------------------------------
     0 | D:1      | inc the Octopode Venom Mage began the quest for the Orb.
     0 | D:1      | Reached XP level 1. HP: 11/11 MP: 3/3
   743 | D:2      | Noticed Natasha
   750 | D:2      | Killed Natasha
   750 | D:2      | Reached skill level 5 in Poison Magic
   750 | D:2      | Reached XP level 2. HP: 5/17 MP: 0/5
   750 | D:2      | Reached XP level 3. HP: 6/21 MP: 0/6
   754 | D:2      | Learned a level 2 spell: Poisonous Vapours
   758 | D:2      | Learned a level 3 spell: Mephitic Cloud
  1200 | D:2      | Noticed Natasha
  1203 | D:2      | Killed Natasha
  1203 | D:2      | Reached XP level 4. HP: 27/27 MP: 1/8
  1205 | D:2      | Noticed Terence
  1232 | D:2      | Killed Terence
  1525 | D:2      | Noticed Natasha
  1536 | D:2      | Killed Natasha
  1536 | D:2      | Reached XP level 5. HP: 22/31 MP: 1/10
  1909 | D:2      | Found a hide-covered altar of Uskayaw.
  2434 | D:3      | Noticed Jessica
  2436 | D:3      | Killed Jessica
  2869 | D:3      | Reached XP level 6. HP: 36/36 MP: 6/13
  2975 | D:4      | Noticed Dowan
  2975 | D:4      | Noticed Pikel
  2975 | D:4      | Noticed a slave
  2975 | D:4      | Noticed a slave
  2975 | D:4      | Noticed a slave
  2975 | D:4      | Noticed a slave
  2995 | D:3      | Reached skill level 5 in Spellcasting
  3200 | D:3      | Noticed sking99's ghost (amateur GrEE)
  3552 | D:3      | Killed from afar by sking99's ghost

Skill      XL: |  1  2  3  4  5  6 |
---------------+-------------------+-----
Poison Magic   | 5 |  5.1
Spellcasting   | 3 4 5 |  5.2
Dodging        | |  2.0
Stealth        | |  2.6
Conjurations   | |  1.0

Action                   |  1- 3 |  4- 6 || total
-------------------------+-------+-------++-------
Melee: Unarmed           |     4 |    28 ||    32
       Tentacles         |     2 |     7 ||     9
       Constrict         |     1 |    11 ||    12
 Cast: Sting             |    23 |    76 ||    99
       Poisonous Vapours |     3 |    32 ||    35
  Use: Potion            |       |     2 ||     2
  Eat: Chunk             |     1 |     7 ||     8
Armor: Skin              |     1 |     1 ||     2
Dodge: Dodged            |     3 |    32 ||    35
